 Dungeon Crawl Stone Soup version 0.27-a0-1248-g57ac2eb73c (webtiles) character file.

Game seed: 12885931584206454388

2717 Kinoniko the Cleaver (level 9, -1/63 HPs)
             Began as a Demonspawn Berserker on June 10, 2021.
             Was a High Priest of Trog.
             Slain by Gastronok (18 damage)
             ... on level 8 of the Dungeon.
             The game lasted 00:09:45 (8083 turns).

Kinoniko the Cleaver (Demonspawn Berserker)         Turns: 8083, Time: 00:09:46

Health: -1/63      AC: 12    Str: 20    XL:     9   Next: 39%
Magic:  0/9        EV:  8    Int: 10    God:    Trog [*****.]
Gold:   443        SH:  4    Dex: 12    Spells: 8/8 levels left

rFire    . . .     SeeInvis .   f - +1 broad axe (vorpal)
rCold    . . .     Faith    .   (no shield)
rNeg     . . .     Spirit   +   g - +0 chain mail
rPois    .         Reflect  .   u - +0 helmet
rElec    .         Harm     .   p - +1 cloak
rCorr    .         Rampage  .   (no gloves)
Will     .....                  v - +0 pair of boots
Stlth    ..........             B - amulet of magic regeneration
HPRegen  0.20/turn              l - +4 ring of slaying
MPRegen  0.47/turn              k - +4 ring of slaying

@: on berserk cooldown, hasted and slowed
A: hooves 2, large bone plates 1, magic shield, magic regeneration, demonic
magic 1
a: Renounce Religion, Berserk, Trog's Hand, Brothers in Arms


You were on level 8 of the Dungeon.
You worshipped Trog.
Trog was extremely pleased with you.
You visited 1 branch of the dungeon, and saw 8 of its levels.

You collected 469 gold pieces.
You spent 26 gold pieces at shops.

Inventory:

Hand Weapons
 a - a +0 hand axe of protection
 f - a +1 vorpal broad axe (weapon)
 t - a +5 flail of venom
Missiles
 y - 4 silver javelins
Armour
 g - a +0 chain mail (worn)
 p - a +1 cloak (worn)
 u - a +0 helmet (worn)
 v - a +0 pair of boots (worn)
Jewellery
 i - a +4 ring of evasion
 k - a +4 ring of slaying (right hand)
 l - a +4 ring of slaying (left hand)
 n - a ring of protection from cold
 B - an amulet of magic regeneration (around neck)
Wands
 m - a wand of iceblast (7)
 o - a wand of polymorph (20)
 s - a wand of flame (21)
Scrolls
 b - 2 scrolls of amnesia
 c - 2 scrolls of fear
 e - a scroll of magic mapping
 j - 3 scrolls of teleportation
 w - a scroll of enchant armour
 A - a scroll of enchant weapon
Potions
 d - a potion of magic {unknown}
 q - 2 potions of curing
 r - a potion of mutation {unknown}
 z - 2 potions of might {unknown}


   Skills:
 + Level 3.1 Fighting
 * Level 9.1(10.3) Axes
 - Level 8.0(9.8) Maces & Flails
 - Level 1.7 Armour
 - Level 1.7 Dodging


You had 8 spell levels left.
You didn't know any spells.
Your spell library contained the following spells:

 Spells                   Type           Power      Damage    Failure   Level
 Summon Lightning Spire   Summ/Air       0%         N/A       100%        4
 Silence                  Hex/Air        0%         N/A       100%        5
 Conjure Ball Lightning   Conj/Air       0%         3x3d6     100%        6
 Storm Form               Tmut/Air       0%         N/A       100%        7
 Tornado                  Air            0%         N/A       100%        9


Dungeon Overview and Level Annotations

Branches:
Dungeon (8/15)             Temple (0/1) D:4
   Lair: D:8-11

Altars:
Elyvilon
Makhleb
Qazlal

Shops:
D:1 !   D:3 =   D:7 ?

Annotations:
D:5 2 transporters, Bnni's ghost, weakling DsDe
D:8 Gastronok


Innate Abilities, Weirdness & Mutations

You have hoof-like feet.
You are partially covered in large bone plates. (SH +4)
When hurt, damage is shared between your health and your magic reserves.
You regenerate magic rapidly.
Spells you cast may paralyse adjacent enemies.


Message History

Gastronok is moderately wounded.
You slash the gnoll shaman!
You kill the gnoll shaman!
Trog accepts your kill.
A gnoll comes into view. It is wielding a +0 spear.
The gnoll hits you but does no damage.
Gastronok casts a spell.
You feel a sudden, passing aversion to salt.
The gnoll hits you but does no damage.
Your chain mail prevents you from hitting Gastronok.
Gastronok is moderately wounded.
You slash the gnoll!
You kill the gnoll!
Trog accepts your kill. The gnoll hits you but does no damage.
Gastronok waves his eye-stalks in wide circles.
The air twists around and strikes you!!
You slash Gastronok!
Gastronok is heavily wounded.
You block the gnoll's attack.
An orc wizard comes into view. It is wielding a +0 dagger.
The gnoll hits you from afar with a +0 spear.
Gastronok casts a spell at you.
You feel as though you will be slow longer.
You slash Gastronok!
Gastronok is heavily wounded.
The gnoll closely misses you.
Unknown command.
You slash Gastronok!
Gastronok is severely wounded.
The gnoll hits you from afar with a +0 spear.
The gnoll hits you but does no damage. You block Gastronok's attack.
The gnoll hits you but does no damage.
The gnoll hits you from afar with a +0 spear!
* * * LOW HITPOINT WARNING * * *
You feel yourself speed up.
An orc comes into view.
It is wielding a +4 dagger of protection.
You block the gnoll's attack. The gnoll hits you but does no damage.
Gastronok bites you!!
You die...

##......#..........###
.... #.......##.......
.....##..#...# ....#.#
#........##>.###...# #
..........##..###.##
...........#......#
..##......#..#.#..##.
# ##....?.(.###...o.
##.....))@)g..#
#........wgo.#
.........###..#
..>........ ..#
...##.#..... ... ..
#)...... ## #.#.$....
..#...


You could see Gastronok (swift), an orc wizard, 2 gnolls and an orc (wandering).

Vanquished Creatures
  Sigmund (D:5)
  Edmund (D:4)
  An acid dragon (D:6)
  A water moccasin (D:5)
  An ice beast (D:6)
  2 sky beasts
  A black bear (D:6)
  A necrophage (D:2)
  3 ogres
  The ghost of anet the Magician, an amateur GnWz (D:6)
  A kobold brigand (D:7)
  A bullfrog (D:7)
  A scorpion (D:4)
  A water moccasin skeleton (D:7)
  A wyvern skeleton (D:5)
  5 wights (D:8)
  A centaur zombie (D:7)
  3 orc priests
  Crazy Yiuf (D:2)
  3 hounds
  3 iguanas
  A bullfrog skeleton (D:4)
  Jessica (D:2)
  2 gnoll shamans
  Ijyb (D:3)
  6 orc wizards
  A hound skeleton (D:4)
  Robin (D:4)
  10 gnolls
  5 adders
  A shadow imp (D:6)
  A white imp (D:6)
  An ufetubus (D:4)
  5 worms
  3 dart slugs
  21 orcs
  6 ball pythons
  12 endoplasms
  2 giant cockroaches (D:2)
  20 goblins
  13 hobgoblins
  9 jackals
  3 quokkas
  8 bats
  4 frilled lizards
  12 kobolds
  7 rats
190 creatures vanquished.

Notes
Turn   | Place    | Note
-------+----------+-------------------------------------------
     0 | D:1      | Kinoniko the Demonspawn Berserker began the quest for the
                  | Orb.
     0 | D:1      | Reached XP level 1. HP: 18/18 MP: 1/1
   200 | D:1      | Reached skill level 3 in Axes
   361 | D:1      | Gained mutation: Spells you cast may paralyse adjacent
                  | enemies. [demonic ancestry]
   361 | D:1      | Reached XP level 2. HP: 21/24 MP: 2/2
   913 | D:1      | Reached XP level 3. HP: 27/29 MP: 3/3
   991 | D:1      | Reached ** piety under Trog
  1018 | D:1      | Found Jogeocen's Distillery.
  1312 | D:2      | Reached skill level 4 in Axes
  1471 | D:2      | Noticed Jessica
  1479 | D:2      | Killed Jessica
  1480 | D:2      | Gained mutation: You regenerate magic rapidly. [demonic
                  | ancestry]
  1480 | D:2      | Reached XP level 4. HP: 35/35 MP: 4/4
  1533 | D:2      | Found a runed translucent door.
  1534 | D:2      | Noticed Crazy Yiuf
  1936 | D:2      | Noticed a necrophage
  1942 | D:2      | Killed a necrophage
  1943 | D:2      | Reached skill level 5 in Axes
  1943 | D:2      | Gained mutation: When hurt, damage is shared between your
                  | health and your magic reserves. [demonic ancestry]
  1943 | D:2      | Reached XP level 5. HP: 41/41 MP: 5/5
  2127 | D:2      | Found a faded altar of an unknown god.
  2664 | D:2      | Killed Crazy Yiuf
  2665 | D:2      | Reached skill level 6 in Axes
  3063 | D:3      | Reached *** piety under Trog
  3069 | D:3      | Gained mutation: You have large cloven feet. [demonic
                  | ancestry]
  3069 | D:3      | Reached XP level 6. HP: 44/47 MP: 6/6
  3420 | D:3      | Found Feoduwky's Jewellery Shoppe.
  3620 | D:3      | Noticed Ijyb
  3626 | D:3      | Killed Ijyb
  3795 | D:4      | Noticed Robin
  3799 | D:4      | Noticed Edmund
  3801 | D:4      | Reached skill level 7 in Axes
  3807 | D:4      | Reached **** piety under Trog
  3809 | D:4      | Killed Edmund
  3810 | D:4      | Reached XP level 7. HP: 52/52 MP: 7/7
  3810 | D:4      | Killed Robin
  4035 | D:4      | Found a staircase to the Ecumenical Temple.
  4333 | D:4      | Reached skill level 1 in Maces & Flails
  4636 | D:4      | Found a burning altar of Makhleb.
  4638 | D:4      | Found a stormy altar of Qazlal.
  4897 | D:5      | Entered Level 5 of the Dungeon
  4993 | D:5      | Noticed Sigmund
  5064 | D:5      | Killed Sigmund
  5331 | D:5      | Gained mutation: You are partially covered in large bone
                  | plates. (SH +4) [demonic ancestry]
  5331 | D:5      | Reached XP level 8. HP: 52/58 MP: 6/8
  5395 | D:5      | Found a transporter.
  5499 | D:5      | Found a transporter.
  5507 | D:5      | Noticed Bnni's ghost (weakling DsDe)
  5626 | D:5      | Reached skill level 5 in Maces & Flails
  6955 | D:6      | Found a runed translucent door.
  7021 | D:6      | Noticed anet's ghost (amateur GnWz)
  7186 | D:6      | Killed anet's ghost
  7314 | D:7      | Found Xany's Magic Scroll Shop.
  7340 | D:7      | Gained mutation: You have hoof-like feet. [demonic
                  | ancestry]
  7340 | D:7      | Reached XP level 9. HP: 63/63 MP: 9/9
  7402 | D:7      | Bought a scroll of identify for 26 gold pieces
  7536 | D:7      | Reached skill level 8 in Axes
  7873 | D:8      | Reached ***** piety under Trog
  7878 | D:8      | Reached skill level 9 in Axes
  8061 | D:8      | Noticed Gastronok
  8083 | D:8      | Slain by Gastronok

Illustrated notes

Levels and vault maps discovered:
D:1:      matt_arrival_refuge, layout_loops_ring, serial_shops, shop_statue,
          minmay_statues_item
D:2:      layout_basic, basic_altar, shapermc_ecumenical_altar_mp_vishouse,
          serial_curves, eino_curves_03, eino_curves_03, minmay_joined_circles,
          uniq_crazy_yiuf_cottage, uniq_jessica
D:3:      layout_basic, serial_shops, shop, guppyfry_early_orc_mine, uniq_ijyb
D:4:      layout_loops_corners, gammafunk_temple_overflow_statue,
          minmay_temple_entry_wispy, uniq_edmund, uniq_robin
D:5:      layout_basic, gammafunk_ghost_stat_death, uniq_sigmund
D:6:      layout_rooms, hellmonk_ghost_happy_afterlife,
          chequers_decorated_corner, hangedman_abyss_or_decor_stagger,
          hangedman_decor_opposing
D:7:      layout_rooms, serial_shops, nicolae_shop_statue_plus
D:8:      layout_cave_pools, lemuel_round_altar, serial_shops,
          nicolae_shop_window_shopping, uniq_gastronok

Skill      XL: |  1  2  3  4  5  6  7  8  9 |
---------------+----------------------------+-----
Axes           | 3 4 5 6 7 9 |  9.1
Maces & Flails | 4 8 |  8.0
Fighting       | |  3.1
Armour         | |  1.7
Dodging        | |  1.7

Action                   |  1- 3 |  4- 6 |  7- 9 || total
-------------------------+-------+-------+-------++-------
Melee: Hand axe          |   118 |   141 |     1 ||   260
       Kick              |       |     6 |     3 ||     9
       Flail             |       |       |   119 ||   119
       Broad axe         |       |       |    51 ||    51
Invok: Berserk           |     2 |     9 |    11 ||    22
  Use: Scroll            |       |       |    12 ||    12
       Potion            |       |       |     7 ||     7
Armor: Animal skin       |    11 |       |       ||    11
       Ring mail         |    24 |       |       ||    24
       Chain mail        |    14 |    66 |   107 ||   187
       Skin              |       |       |    39 ||    39
Dodge: Dodged            |    54 |    33 |    47 ||   134
Block: Other             |       |       |    26 ||    26

Table legend: (Time is in decaauts)
 A = Elapsed time spent in this place.
 B = Non-inter-level travel time spent in this place.
 C = Inter-level travel time spent in this place.
 D = Time resting spent in this place.
 E = Time spent auto-exploring this place.
 F = Levels seen in this place.
 G = Mean time per level.
                   A        B        C        D        E       F      G
               +--------+--------+--------+--------+--------+-----+--------+
         Total |   8281 |   8007 |    274 |   1738 |   5273 |   8 | 1035.1 |
       Dungeon |   8281 |   8007 |    274 |   1738 |   5273 |   8 | 1035.1 |
               +--------+--------+--------+--------+--------+-----+--------+

Top non-repeatable levels by time:
     D:2: 1574 daAuts
     D:4: 1373 daAuts
     D:1: 1261 daAuts
     D:6: 1113 daAuts
     D:5: 1090 daAuts
     D:3: 1049 daAuts
     D:7: 584 daAuts
     D:8: 233 daAuts
